 Dungeon Crawl Stone Soup version 0.20.1-1-g8b1a95d (webtiles) character file.

458 tsahey the Skirmisher (level 6, -1/48 HPs)
             Began as a Demonspawn Abyssal Knight on Oct 30, 2017.
             Was an Elder of Lugonu.
             Slain by a water moccasin skeleton (2 damage)
             ... on level 4 of the Dungeon on Oct 31, 2017.
             The game lasted 00:42:37 (6447 turns).

tsahey the Skirmisher (Demonspawn Abyssal Knight)   Turns: 6447, Time: 00:42:39

Health: -1/48      AC: 15    Str: 15    XL:     6   Next: 77%
Magic:  7/7        EV:  2    Int: 11    God:    Lugonu [****..]
Gold:   87         SH:  8    Dex: 12    Spells: 5/5 levels left

rFire    . . .     SeeInvis .   a - +1 hand axe
rCold    . . .     Gourm    .   m - +0 shield (curse)
rNeg     . . .     Faith    .   o - +1 plate armour
rPois    .         Spirit   .   (no helmet)
rElec    .         Reflect  .   (no cloak)
rCorr    .         Harm     .   u - +0 pair of gloves
MR       .....                  (no boots)
Stlth    ..........             (no amulet)
Regen    0.2/turn               w - -2 ring of intelligence (curse)
MPRegen  0.1/turn               (no ring)

@: about to teleport
A: molten scales 1, nightstalker 1
a: Depart the Abyss, Bend Space, Banish, Corrupt, Renounce Religion


You were on level 4 of the Dungeon.
You worshipped Lugonu.
Lugonu was greatly pleased with you.
You were not hungry.

You visited 1 branch of the dungeon, and saw 4 of its levels.
You visited the Abyss 1 time.
You also visited: Sewer.

You collected 87 gold pieces.

Inventory:

Hand Weapons
 a - a +1 hand axe (weapon)
 h - a +0 short sword
 q - a +0 short sword
 J - a +0 hand axe
 M - a +0 dagger
 N - a +0 short sword
 P - a +0 arbalest
 R - a +0 club
 S - a +0 hunting sling
 V - a +0 dagger
 W - a +0 hunting sling
 X - a +1 vampiric short sword
Missiles
 f - 170 stones (quivered)
 l - 64 bolts
 s - 5 needles of confusion
 F - 54 sling bullets
Armour
 b - a +0 leather armour
 m - a cursed +0 shield (worn)
 o - a +1 plate armour (worn)
 p - a +2 ring mail of magic resistance
 r - a +0 leather armour
 u - a +0 pair of gloves (worn)
 v - a +0 ring mail
 B - a +0 robe
 C - a +2 leather armour of magic resistance
 T - a +0 robe
 Y - a +0 leather armour
 Z - a +0 ring mail
Jewellery
 w - a cursed -2 ring of intelligence (left hand)
Wands
 e - a wand of enslavement (11/24)
 k - a wand of flame (15/48)
Scrolls
 c - a scroll of noise {unknown}
 i - 2 scrolls of blinking {unknown}
 n - a scroll of random uselessness
 t - a scroll of fear
 x - a scroll of enchant armour
 y - a scroll of recharging {unknown}
 z - a scroll of identify
 L - a scroll of amnesia {unknown}
 O - a scroll of fog {unknown}
Potions
 g - a potion of degeneration {unknown}
 A - a potion of mutation {unknown}
 D - 3 potions of magic {unknown}
 G - 2 potions of might {unknown}
 H - a potion of invisibility {unknown}
 K - a potion of cancellation {unknown}
 Q - a potion of curing
 U - a potion of heal wounds {unknown}
Comestibles
 d - a bread ration
 j - 5 fruits
 I - 3 royal jellies


   Skills:
 + Level 4.3 Fighting
 + Level 4.0 Axes
 + Level 3.6 Armour
 + Level 1.3 Dodging
 + Level 0.4 Stealth
 + Level 2.3 Shields
 + Level 2.5 Invocations


You had 5 spell levels left.
You didn't know any spells.

Dungeon Overview and Level Annotations

Branches:
Dungeon (4/15)
 Temple: D:4-7

Altars:
Hepliaklqana
Nemelex Xobeh
Qazlal
Uskayaw
Xom


Innate Abilities, Weirdness & Mutations

You are partially covered in molten scales. (AC +2)
You are slightly more attuned to the shadows.


Message History

* * * LOW HITPOINT WARNING * * *
The hippogriff pecks you.
* * * LOW HITPOINT WARNING * * *
The hippogriff claws you.
* * * LOW HITPOINT WARNING * * *
You feel better.
The water moccasin skeleton bites you but does no damage.
The hippogriff bites you but does no damage.
The hippogriff pecks you.
* * * LOW HITPOINT WARNING * * *
The hippogriff claws you.
* * * LOW HITPOINT WARNING * * *
The water moccasin skeleton bites you but does no damage.
As you read the scroll of teleportation, it crumbles to dust.
You feel strangely unstable. The hippogriff bites you.
* * * LOW HITPOINT WARNING * * *
The hippogriff pecks you but does no damage.
The hippogriff claws you but does no damage.
The water moccasin skeleton bites you.
You die...

#.# #.# #.#
#.#############
#..#.......#...
###....#####.....
##...##'# #'##..
#..###..# #†.###
#@##.#).# #..#.#
#HZ..#..# #..#.†
#o##.#..# #..#.#
#.)###).# #..###
##...#### ####..
#...... ...#
##.#.... .###
...... ....
##.... .##.


You could see a hippogriff, an orc and a water moccasin skeleton.

Vanquished Creatures
  A howler monkey (D:4)
  A hound (D:4)
  An orc wizard (D:3)
  Ijyb (D:3)
  A worker ant (D:3)
  A hound skeleton (D:4)
  A howler monkey skeleton (D:3)
  10 adders
  6 river rats (Sewer)
  3 oozes
  A worm (D:4)
  A dart slug (D:1)
  4 leopard geckos
  11 orcs
  6 ball pythons
  8 giant cockroaches
  6 goblins
  6 hobgoblins
  3 jackals (D:3)
  7 quokkas
  11 bats
  17 frilled lizards
  6 kobolds
  19 rats
132 creatures vanquished.

Notes
Turn   | Place    | Note
-------+----------+-------------------------------------------
     0 | Abyss:1  | tsahey the Demonspawn Abyssal Knight began the quest for the Orb.
     0 | Abyss:1  | Reached XP level 1. HP: 18/18 MP: 2/2
     4 | D:1      | Escaped the Abyss
    10 | D:1      | Reached * piety under Lugonu
   348 | D:1      | Gained mutation: You are partially covered in molten scales. (AC +2) [demonic ancestry]
   348 | D:1      | Reached XP level 2. HP: 18/24 MP: 3/3
  1069 | D:1      | Reached skill level 1 in Dodging
  1511 | D:1      | Gained mutation: You are slightly more attuned to the shadows. [demonic ancestry]
  1511 | D:1      | Reached XP level 3. HP: 29/29 MP: 4/4
  1880 | D:2      | Found a sparkling altar of Nemelex Xobeh.
  1880 | D:2      | Found a stormy altar of Qazlal.
  2154 | D:2      | Reached XP level 4. HP: 14/37 MP: 5/5
  2385 | D:2      | Found a stormy altar of Qazlal.
  2386 | D:2      | Noticed a fire elemental
  2387 | D:2      | Noticed a water elemental
  2390 | D:2      | Noticed an air elemental
  2390 | D:2      | Noticed an earth elemental
  3015 | D:2      | Found a shimmering altar of Xom.
  3363 | D:2      | Found a hide-covered altar of Uskayaw.
  3498 | D:2      | Reached skill level 1 in Shields
  4064 | D:3      | Reached ** piety under Lugonu
  4220 | D:3      | Reached XP level 5. HP: 39/42 MP: 6/6
  4345 | D:3      | Noticed Ijyb
  4389 | D:3      | Killed Ijyb
  5374 | D:4      | Found a hazy altar of Hepliaklqana.
  5531 | D:4      | Reached *** piety under Lugonu
  5622 | D:4      | Found a glowing drain.
  5639 | D:4      | Reached XP level 6. HP: 47/48 MP: 7/7
  5656 | Sewer    | Entered a sewer
  6034 | Sewer    | Reached **** piety under Lugonu
  6428 | D:4      | Noticed a hippogriff
  6447 | D:4      | HP: 1/48 [hippogriff (4)]
  6447 | D:4      | Slain by a water moccasin skeleton

Skill      XL: |  1  2  3  4  5  6 |
---------------+-------------------+-----
Axes           | 2 3 4 |  4.0
Armour         | 2 3 |  3.6
Dodging        | 1 |  1.3
Shields        | 1 2 |  2.3
Fighting       | 4 |  4.3
Stealth        | |  0.4
Invocations    | |  2.5

Action                   |  1- 3 |  4- 6 || total
-------------------------+-------+-------++-------
Melee: Hand axe          |   121 |   485 ||   606
Invok: Depart the Abyss  |     1 |       ||     1
  Use: Scroll            |     1 |     8 ||     9
       Potion            |     1 |     3 ||     4
  Eat: Bread ration      |     1 |     1 ||     2
       Fruit             |     1 |       ||     1
       Meat ration       |     1 |     1 ||     2
Armor: Leather armour    |    29 |       ||    29
       Plate armour      |    81 |   383 ||   464
Dodge: Dodged            |    56 |    30 ||    86
Block: Shield            |    30 |   204 ||   234
